 Dungeon Crawl Stone Soup version 0.31-a0-625-gc9c7e45f3f (webtiles) character file.

Game seed: 6571596370637578092

378 Ijustatesigmund the Trooper (level 6, -2/91 HPs)
             Began as a Gargoyle Fighter on Aug 24, 2023.
             Slain by a steam dragon (7 damage)
             ... on level 4 of the Dungeon.
             The game lasted 00:05:36 (3846 turns).

Ijustatesigmund the Trooper (Gargoyle Fighter)      Turns: 3846, Time: 00:05:37

Health: -2/91      AC: 23    Str: 19    XL:     6   Next: 74%
Magic:  6/6        EV:  2    Int: 11    God:
Gold:   199        SH:  4    Dex:  9    Spells: 5/5 levels left

rFire   + . .        a - +3 flail (freeze)
rCold   + . .        c - +0 buckler
rNeg    + . .        b - melded +0 scale mail
rPois   ∞            (helmet currently unavailable)
rElec   +            (cloak currently unavailable)
rCorr   +            q - melded +1 pair of gloves
SInv    .            h - melded +0 pair of boots
Will    .....        (no amulet) Stlth
                     (no ring)
HPRegen 0.35/turn    (no ring)
MPRegen 0.10/turn

%: no passive effects
@: berserking, tree-form, resistant, very quick
A: stationary, stasis, torment immunity, boosted hp, sickness immunity, AC +4,
negative energy resistance 1, (electricity resistance), torment resistance 1,
petrification resistance
a: no special abilities


You were on level 4 of the Dungeon.
You were a tree.
You visited 1 branch of the dungeon, and saw 4 of its levels.

You collected 199 gold pieces.

Inventory:

Hand Weapons
 a - a +3 flail of freezing (weapon)
Armour
 b - a +0 scale mail (melded)
 c - a +0 buckler (worn)
 h - a +0 pair of boots (melded)
 q - a +1 pair of gloves (melded)
Jewellery
 m - a ring of protection from cold
Scrolls
 f - a scroll of amnesia
 j - 2 scrolls of teleportation
Potions
 d - 2 potions of might
 e - a potion of enlightenment
 i - a potion of cancellation
 p - a potion of attraction


   Skills:
 + Level 6.1 Fighting
 + Level 5.0 Maces & Flails
 - Level 3.2 Armour
 - Level 3.2 Shields


You had 5 spell levels left.
You didn't know any spells.
Your spell library contained the following spells:

 Spells                   Type           Power      Damage    Failure   Level
 Magic Dart               Conj           0%         1d3       41%         1
 Summon Small Mammal      Summ           0%         N/A       41%         1
 Call Imp                 Summ           0%         N/A       54%         2
 Call Canine Familiar     Summ           0%         N/A       78%         3
 Mephitic Cloud           Conj/Pois/Air  0%         N/A       78%         3
 Summon Guardian Golem    Hex/Summ       0%         N/A       78%         3


Dungeon Overview and Level Annotations

Branches:
Dungeon (4/15)
 Temple: D:4-7

Altars:
Nemelex Xobeh


Innate Abilities, Weirdness & Mutations

You are a tree.
Your roots penetrate the ground, keeping you stationary.
You cannot be teleported.
You are immune to unholy pain and torment.
Your maximum health is greatly increased.
Your equipment is partially melded.
You are immune to sickness and miasma.
((Your stone body is resilient. (AC +4)))
You are immune to poison.
You resist negative energy. (rN+)
((You are resistant to electric shocks. (rElec)))
You are resistant to unholy torment.
You are immune to petrification.


Message History

The steam dragon bites you but does no damage.
The steam dragon claws you but does no damage.
You hit the steam dragon. You freeze the steam dragon.
The steam dragon is severely wounded.
The steam dragon breathes steam at you. The ball of steam hits you!
You hear a shout!
You closely miss the steam dragon.
The steam dragon is severely wounded.
You are engulfed in a cloud of scalding steam.
The steam dragon bites you.
* * * LOW HITPOINT WARNING * * *
The steam dragon claws you but does no damage.
You are too injured to fight recklessly!
You are too injured to fight recklessly!
You are too injured to fight recklessly!
You are too injured to fight recklessly!
You are too injured to fight recklessly!
You are too injured to fight recklessly!
You are too injured to fight recklessly!
Okay, then.
You aren't carrying any items that you can evoke.
It was a potion of lignification.
You turn into a tree.
Your +1 pair of gloves melds into your body.
Your +0 pair of boots melds into your body.
Your +0 scale mail melds into your body.
Your roots penetrate the ground.
You are engulfed in a cloud of scalding steam.
* * * LOW HITPOINT WARNING * * *
The steam dragon bites you.
* * * LOW HITPOINT WARNING * * *
The steam dragon claws you but does no damage.
It was a potion of resistance.
You feel protected.
The steam dragon bites you but does no damage.
The steam dragon claws you but does no damage.
It was a potion of berserk rage.
A red film seems to cover your vision as you go berserk!
You feel yourself moving faster!
You feel mighty! The steam dragon bites you!
You die...

.............##..##.......###
##.......(..........###..##
#..###############.## #..#
..## ...# #.# #..# ### #.####
...# #.# #..# #.[ #..>.# #..#
#.# #..# #.. #.##.#
#..##.####..## #.. #.##.#.
#D.#........# ###.. ..##.#.#
##♣#.###....###<... ..##.#..#
##..#..##.##..##.###
.....##..#
##..###........#..# .###.#
#..###..#.#####.###^..#### .#
#.# #..#..#.## #.#####.....
.# #÷# #.#.).#.#.#
#.......###. ##
#.######.###### #..###### #.
#........#.# #.[# #. ##
########.).## #### #.


You could see a steam dragon.

Vanquished Creatures
  A black bear (D:4)
  A scorpion (D:2)
  A hound (D:4)
  An iguana (D:4)
  An orc wizard (D:3)
  7 adders
  2 ufetubi (D:4)
  2 dart slugs (D:4)
  11 orcs
  4 ball pythons
  6 endoplasms
  2 giant cockroaches
  2 goblins
  5 hobgoblins
  2 jackals (D:4)
  5 quokkas
  2 bats
  4 frilled lizards
  4 kobolds
63 creatures vanquished.

Notes
Turn   | Place    | Note
-------+----------+-------------------------------------------
     0 | D:1      | Ijustatesigmund the Gargoyle Fighter began the quest for
                  | the Orb.
     0 | D:1      | Reached XP level 1. HP: 14/14 MP: 1/1
   200 | D:1      | Reached XP level 2. HP: 18/19 MP: 2/2
   683 | D:2      | Noticed a scorpion
   694 | D:2      | Killed a scorpion
   695 | D:2      | Reached skill level 4 in Fighting
   695 | D:2      | Reached XP level 3. HP: 12/24 MP: 3/3
   695 | D:2      | Reached XP level 4. HP: 16/30 MP: 4/4
  1831 | D:2      | Reached XP level 5. HP: 34/34 MP: 5/5
  1880 | D:2      | Found a faded altar of an unknown god.
  2178 | D:3      | Reached skill level 5 in Fighting
  3368 | D:4      | Reached XP level 6. HP: 17/40 MP: 6/6
  3386 | D:4      | Noticed a black bear
  3402 | D:4      | Killed a black bear
  3403 | D:4      | Reached skill level 6 in Fighting
  3719 | D:4      | Found a sparkling altar of Nemelex Xobeh.
  3751 | D:4      | Reached skill level 5 in Maces & Flails
  3837 | D:4      | Noticed a steam dragon
  3844 | D:4      | HP: 3/61 [steam dragon (3)]
  3846 | D:4      | Slain by a steam dragon

Illustrated notes

Levels and vault maps discovered:
D:1:      moated_graveyard_arrival, layout_basic
D:2:      layout_basic, hellmonk_ecumenical_altar_defaced_shrine
D:3:      minmay_door_path, layout_basic
D:4:      minmay_diamond_boxcup, layout_rooms, mainiacjoe_overflow_paths,
          amcnicky_mini_pool_small

Skill      XL: |  1  2  3  4  5  6 |
---------------+-------------------+-----
Fighting       | 4 5 6 |  6.1
Maces & Flails | 3 4 5 |  5.0
Armour         | |  3.2
Shields        | |  3.2

Action                     |  1- 3 |  4- 6 || total
---------------------------+-------+-------++-------
  Melee: Flail             |    48 |   160 ||   208
    Use: Potion            |       |     6 ||     6
         Scroll            |       |    11 ||    11
 Armour: Scale mail        |    29 |   102 ||   131
         Skin              |       |     3 ||     3
  Dodge: Dodged            |    22 |    71 ||    93
  Block: Buckler           |    11 |    23 ||    34

Table legend: (Time is in decaauts)
 A = Elapsed time spent in this place.
 B = Non-inter-level travel time spent in this place.
 C = Inter-level travel time spent in this place.
 D = Time resting spent in this place.
 E = Time spent auto-exploring this place.
 F = Levels seen in this place.
 G = Mean time per level.
                   A        B        C        D        E       F      G
               +--------+--------+--------+--------+--------+-----+--------+
         Total |   3899 |   3668 |    231 |    581 |   2573 |   4 |  974.8 |
       Dungeon |   3899 |   3668 |    231 |    581 |   2573 |   4 |  974.8 |
               +--------+--------+--------+--------+--------+-----+--------+

Top non-repeatable levels by time:
     D:2: 1333 daAuts
     D:3: 1271 daAuts
     D:1: 687 daAuts
     D:4: 607 daAuts
